 Dungeon Crawl Stone Soup version 0.31-a0-920-g28cbb04a8c (webtiles) character file.

Game seed: 12218910177679898798

114 lunkers the Insei (level 5, 0/60 HPs)
             Began as a Meteoran Shapeshifter on Oct 17, 2023.
             Succumbed to an adder's poison
             ... in a sewer.
             The game lasted 00:02:29 (1012 turns).

lunkers the Insei (Meteoran Shapeshifter)           Turns: 1012, Time: 00:02:30

Health: 0/60       AC: 22    Str: 15    XL:     5   Next: 43%
Magic:  6/6        EV: -1    Int: 12    God:
Gold:   67         SH:  0    Dex: 15    Spells: 4/4 levels left

rFire   . .          .
                       - Unarmed
rCold   . . .        (no shield)
rNeg    . . .        a - melded +0 animal skin
rPois   +            (helmet currently unavailable)
rElec   .            (cloak currently unavailable)
rCorr   .            (gloves currently unavailable)
SInv    .            (boots currently unavailable)
Will    .....        (no amulet)
Stlth   +            (no ring)
HPRegen 0.30/turn    (no ring)
MPRegen 0.10/turn

%: no passive effects
@: lethally poisoned (0 -> -3), tree-form, glowing, constricted
A: stationary, stasis, torment immunity, boosted hp, sense surroundings 1,
otherworldly, glowing, explore regen
a: no special abilities


You were in a sewer.
You were a tree.
You visited 1 branch of the dungeon, and saw 3 of its levels.
You also visited: Sewer.

You collected 67 gold pieces.

Inventory:

Armour
 a - a +0 animal skin (melded)
 f - a +0 pair of boots
Talismans
 c - a beast talisman
 d - a flux talisman
Scrolls
 e - 2 scrolls of teleportation {unknown}
 g - a scroll of fear {unknown}
 h - a scroll of immolation
 i - 2 scrolls of identify {unknown}
 j - a scroll of enchant weapon {unknown}
 l - a scroll of enchant armour {unknown}
Potions
 k - a potion of heal wounds {unknown}
 m - a potion of invisibility {unknown}
 n - a potion of might {unknown}


   Skills:
 - Level 1.1 Fighting
 - Level 2.1 Dodging
 * Level 5.7 Unarmed Combat
 + Level 4.7 Shapeshifting


You had 4 spell levels left.
You didn't know any spells.
Your spell library contained the following spells:

 Spells                   Type           Power      Damage    Failure   Level
 Ensorcelled Hibernation  Hex/Ice        0%         N/A       45%         2
 Jinxbite                 Hex            0%         N/A       45%         2
 Anguish                  Hex/Necr       0%         N/A       97%         4


Dungeon Overview and Level Annotations

Branches:
Dungeon (3/15) Zot: 1058    Sewer (1/1) Zot: 309

Altars:


Innate Abilities, Weirdness & Mutations

You are a tree.
Your roots penetrate the ground, keeping you stationary.
You cannot be teleported.
You are immune to unholy pain and torment.
Your maximum health is greatly increased.
Your equipment is partially melded.
You passively map a small area around you.
You are easily found by Zot.
You glow in the dark.
You regain HP and MP as you explore.


Message History

The ball python grabs you. The ball python constricts you.
Your transformation has ended.
You turn into a tree.
Your +0 animal skin melds into your body.
Your roots penetrate the ground.
You feel sick. The adder bites you but does no damage.
The ball python bites you but does no damage.
The ball python constricts you. The river rat bites you.
* * * LOW HITPOINT WARNING * * *
The adder bites you but does no damage.
You hit the adder.
The adder is heavily wounded.
You feel sick.
The ball python bites you but does no damage.
The ball python constricts you.
* * * LOW HITPOINT WARNING * * *
The rat bites you but does no damage. The river rat bites you.
* * * LOW HITPOINT WARNING * * *
The adder bites you but does no damage.
You closely miss the adder. Your punch misses the adder.
The adder is heavily wounded.
* * * LOW HITPOINT WARNING * * *
You feel sick.
The ball python bites you but does no damage.
The ball python constricts you. The adder bites you but does no damage.
The rat bites you but does no damage.
The river rat bites you but does no damage.
The ball python bites you but does no damage.
The ball python constricts you.
You barely miss the adder.
The adder is heavily wounded.
* * * LOW HITPOINT WARNING * * *
You feel sick. The adder bites you but does no damage.
The ball python bites you but does no damage.
The ball python constricts you. The rat bites you.
* * * LOW HITPOINT WARNING * * *
The river rat bites you but does no damage.
You miss the adder.
The adder is heavily wounded.
You die...

≈# #≈~~≈≈≈# ~ ≈#
#~≈~~~≈# * * ≈~~
## ##†~†~.# , #~~
* .# #......##*
#... ##
##......##+##....
, #
#.......#.......
#
##..............
####..rSS....#
####♣rr#### #####


You could see an adder, 2 river rats, a ball python and a rat.

Vanquished Creatures
  A river rat (Sewer)
  4 adders (Sewer)
  A dart slug (D:1)
  4 bats
  5 endoplasms
  2 giant cockroaches
  A goblin (D:1)
  A hobgoblin (D:1)
  6 jackals
  A quokka (D:2)
  13 ball pythons
  4 frilled lizards
  2 kobolds (D:2)
  28 rats
73 creatures vanquished.

Notes
Turn   | Place    | Note
-------+----------+-------------------------------------------
     0 | D:1      | lunkers the Meteoran Shapeshifter began the quest for the
                  | Orb.
     0 | D:1      | Reached XP level 1. HP: 16/16 MP: 2/2
   118 | D:1      | Found a faded altar of an unknown god.
   121 | D:1      | Reached skill level 4 in Unarmed Combat
   121 | D:1      | Reached XP level 2. HP: 23/23 MP: 3/3
   345 | D:2      | Reached XP level 3. HP: 25/28 MP: 4/4
   734 | D:3      | Found a glowing drain.
   746 | Sewer    | Entered a sewer
   770 | Sewer    | Reached XP level 4. HP: 24/35 MP: 5/5
   791 | Sewer    | Reached skill level 5 in Unarmed Combat
   928 | Sewer    | Reached XP level 5. HP: 38/40 MP: 6/6
  1010 | Sewer    | HP: 3/60 [poisoned by an adder]
  1011 | Sewer    | HP: 1/60 [rat (1)]
  1012 | Sewer    | Succumbed to an adder's poison

Illustrated notes

Levels and vault maps discovered:
D:1:      psy_arrival_dodecagon, layout_basic, hellmonk_ecumenical_altar_blasted
D:2:      layout_basic
D:3:      layout_loops_corners, makhleb_altar_promises_db,
          cheibrodos_sewer_entry_drain, small_statue_intersection
Sewer:    sewer_minmay_w

Skill      XL: |  1  2  3  4 |
---------------+-------------+-----
Unarmed Combat | 4 5 |  5.7
Shapeshifting  | 4 |  4.7
Fighting       | |  1.1
Dodging        | |  2.1

Action                     |  1- 3 |  4- 6 || total
---------------------------+-------+-------++-------
  Melee: Unarmed           |    76 |    82 ||   158
         Punch             |     1 |     5 ||     6
    Use: Potion            |       |     2 ||     2
 Armour: Animal skin       |    43 |    52 ||    95
         Skin              |       |    26 ||    26
  Dodge: Dodged            |    41 |    56 ||    97

Table legend: (Time is in decaauts)
 A = Elapsed time spent in this place.
 B = Non-inter-level travel time spent in this place.
 C = Inter-level travel time spent in this place.
 D = Time resting spent in this place.
 E = Time spent auto-exploring this place.
 F = Levels seen in this place.
 G = Mean time per level.
                   A        B        C        D        E       F      G
               +--------+--------+--------+--------+--------+-----+--------+
         Total |   1032 |   1007 |     25 |     51 |    563 |   4 |  258.0 |
       Dungeon |    741 |    716 |     25 |      0 |    517 |   3 |  247.0 |
         Sewer |    290 |    290 |      0 |     51 |     46 |   1 |  290.0 |
               +--------+--------+--------+--------+--------+-----+--------+

Top non-repeatable levels by time:
   Sewer: 290 daAuts
     D:3: 279 daAuts
     D:1: 270 daAuts
     D:2: 191 daAuts
